Map: Pillars of Gold LE

Players

A.I. 1 (Easy)

  • Race: Terran Terran
  • Spawn Location: 1:00

Hydra - Winner!

  • Race: Protoss Protoss
  • Spawn Location: 7:00

VOD

Have the link to the VOD?

Description

Time

  • Played on: Sept. 12, 2020, 2:28 p.m.
  • Length: 3:53
Show
View Real Time Build Order
Export as new Build Order

A.I. 1 (Easy) Terran 

Build Orders:  

Get SALT Encoding   

  12  0:00  SCV  
  13  0:13  SCV  
  14  0:20  Supply Depot  
  14  0:25  SCV  
  15  0:41  SCV  
  16  0:44  Barracks  
  16  0:46  Refinery  
  16  1:11  Supply Depot  
  16  1:21  Refinery  
  16  1:30  Marine  
  16  1:32  Orbital Command  
  17  1:49  Barracks Tech Lab  
  17  2:07  Marine  
  18  2:17  Supply Depot, SCV  
  19  2:29  SCV  
  20  2:31  Marine  
  21  2:41  SCV  
  22  2:53  SCV  
  22  2:55  Marine  
  16  3:05  SCV  
  16  3:12  Marine  
  12  3:17  SCV  
  9  3:30  Marine, SCV  
Show
View Real Time Build Order
Export as new Build Order

Hydra Protoss - Winner!

Build Orders:  

Get SALT Encoding   

  12  0:02  Probe (Chrono Boost)  
  13  0:12  Probe (Chrono Boost)  
  14  0:20  Pylon  
  14  0:45  Probe  
  15  0:55  Gateway  
  16  0:57  Probe  
  16  1:09  Probe  
  17  1:18  Pylon  
  17  1:21  Probe  
  17  1:25  Pylon  
  18  1:29  Pylon  
  18  1:33  Probe  
  18  1:38  Forge  
  19  1:54  Pylon  
  19  2:02  Pylon  
  19  2:13  Pylon  
  19  2:16  Pylon  
  19  2:23  Photon Cannon  
  19  2:24  Photon Cannon  
  19  2:25  Photon Cannon  
  19  2:51  Photon Cannon  
  19  2:53  Photon Cannon  
  19  2:55  Photon Cannon  
  19  3:10  Photon Cannon  
  19  3:16  Photon Cannon  
  19  3:42  Photon Cannon  
Tags
 
Matchup
PvT
Replay Pack
test
Spawn Locations
Cross Positions
Add a new tag
Caveats
  • Supply blocks, unpowered buildings, or Contaminate may cause inaccurate times.
  • Supply counts are checked every 10 seconds.